 Dungeon Crawl Stone Soup version 0.18.1-5-g4a78601 (webtiles) character file.

2508 dracos369 the Spear-Bearer (level 9, -2/67 HPs)
             Began as a Merfolk Skald on May 13, 2016.
             Was an Initiate of Yredelemnul.
             Engulfed by a fire crab's flame (15 damage)
             ... on level 8 of the Dungeon.
             The game lasted 00:31:11 (9877 turns).

dracos369 the Spear-Bearer (Merfolk Skald)          Turns: 9877, Time: 00:31:12

Health: -2/67      AC:  8    Str: 13    XL:     9   Next: 53%
Magic:  9/12       EV: 22    Int: 11    God:    Yredelemnul [......]
Gold:   319        SH:  0    Dex: 21    Spells: 5 memorised, 1 level left

rFire  . . .     SeeInvis .     P - +1 trident
rCold  . . .     Gourm    +     g - +0 robe
rNeg   . . .     Faith    .     (no shield)
rPois  .         Spirit   .     G - +0 helmet (curse)
rElec  .         Dismiss  .     (no cloak)
rCorr  .         Reflect  .     f - +1 pair of gloves
SustAt .         Harm     .     (no boots)
MR     .....                    W - amulet of the gourmand
Stlth  +++.......               r - ring of wizardry
                                b - +3 ring of protection

@: agile, about to teleport, flying, not resistant to hostile enchantments,
fairly stealthy
A: change form in water, swift swim
a: Renounce Religion


You were on level 8 of the Dungeon.
You worshipped Yredelemnul.
Yredelemnul was noncommittal.
You were hungry.

You visited 2 branches of the dungeon, and saw 9 of its levels.

You collected 319 gold pieces.

Inventory:

Hand Weapons
 P - a +1 trident (weapon)
Missiles
 w - 4 javelins (quivered)
 R - 3 tomahawks
Armour
 f - a +1 pair of gloves (worn)
 g - a +0 robe (worn)
 G - a cursed +0 helmet (worn)
Jewellery
 b - a +3 ring of protection (left hand)
 l - an uncursed ring of sustain attributes
 r - a ring of wizardry (right hand)
 I - a +1 ring of evasion
 Q - a +2 ring of strength
 W - an amulet of the gourmand (around neck)
Wands
 m - a wand of random effects (32/48)
 t - a wand of slowing (16/48)
 y - a wand of random effects (20/48)
 B - a wand of slowing (20/48)
 D - a wand of digging (16/24)
 F - a wand of lightning (9/15)
 K - a wand of lightning (7/15)
 L - a wand of flame (28/48)
 S - a wand of paralysis (15/24)
Scrolls
 e - 2 scrolls of amnesia
 j - 4 scrolls of remove curse
 p - 2 scrolls of identify
 s - a scroll of recharging
 v - a scroll of enchant weapon
Potions
 h - a potion of agility
 o - a potion of brilliance {unknown}
 q - a potion of curing {unknown}
 u - a potion of flight
 E - a potion of degeneration {unknown}
 H - 2 potions of magic {unknown}
 J - a potion of might {unknown}
 U - a potion of cure mutation {unknown}
Books
 c - a book of Battle

   Spells                             Type                      Level
   a - Infusion                       Charms                       1
   b - Shroud of Golubria             Charms/Translocation         2
   c - Song of Slaying                Charms                       2
   d - Spectral Weapon                Hexes/Charms                 3
   e - Regeneration                   Charms/Necromancy            3
 V - a book of Misfortune

   Spells                             Type                      Level
   a - Confusing Touch                Hexes                        2
   b - Confuse                        Hexes                        3
   c - Gell's Gravitas                Hexes/Translocation          3
   d - Petrify                        Transmutation/Earth          4
   e - Metabolic Englaciation         Hexes/Ice                    5
   f - Yara's Violent Unravelling     Hexes/Transmutation          5
Comestibles
 d - 4 bread rations
 x - 2 fruits
 A - a meat ration
 M - a beef jerky
 O - a slice of pizza


   Skills:
 + Level 4.9 Fighting
 * Level 11.8 Polearms
 + Level 1.4 Armour
 + Level 5.6 Dodging
 - Level 2.0 Spellcasting
 - Level 3.0 Hexes
 + Level 6.6 Charms
 - Level 1.0 Necromancy
 - Level 1.0 Translocations
 + Level 2.7 Invocations


You had one spell level left.
You knew the following spells:

 Your Spells              Type           Power        Failure   Level  Hunger
a - Infusion              Chrm           ###.         1%          1    ##.....
b - Song of Slaying       Chrm           ###.....     1%          2    ###....
c - Spectral Weapon       Hex/Chrm       ##......     6%          3    ####...
f - Regeneration          Chrm/Necr      #.........   9%          3    ####...
g - Shroud of Golubria    Chrm/Tloc      #.........   4%          2    ###....


Dungeon Overview and Level Annotations

Branches:
Dungeon (8/15)             Temple (1/1) D:7
   Lair: D:8-11

Altars:
Ashenzari
Cheibriados
Elyvilon
Fedhas
Gozag
Kikubaaqudgha
Makhleb
Nemelex Xobeh
Okawaru
Pakellas
Qazlal
Ru
Trog
Vehumet
Xom
Yredelemnul
Zin
The Shining One

Shops:
D:6 [

Annotations:
D:8 Joseph


Message History

Read which item? (? for menu, Esc to quit)
As you read the scroll of teleportation, it crumbles to dust.
You feel strangely unstable.
You are engulfed in roaring flames.
Your spectral weapon is engulfed in roaring flames. x2
Your spectral weapon fades away.
The gnoll is engulfed in roaring flames.
You barely miss the gnoll.
The gnoll is almost dead.
You are engulfed in roaring flames.
* * * LOW HITPOINT WARNING * * *
The gnoll is engulfed in roaring flames.
The gnoll dies!
Drink which item? (? for menu, Esc to quit)
Okay, then.
Drink which item? (? for menu, Esc to quit)
It was a potion of flight.
You feel very buoyant.
You fly up into the air.
You are engulfed in roaring flames.
You die...
Your body rises from the dead as a mindless zombie.

####
#§t§##
#@#
#§+
#§#
§## #


You could see a fire crab.

Vanquished Creatures
  Grinder (D:3)
  Edmund (D:5)
  A water moccasin (D:7)
  3 sky beasts
  2 phantoms
  2 necrophages
  An ogre (D:4)
  A wolf (D:7)
  A big kobold (D:7)
  A giant frog (D:7)
  A gnoll sergeant (D:8)
  A water moccasin zombie (D:7)
  5 scorpions
  A jelly (D:6)
  3 crimson imps
  4 orc wizards
  2 orc priests
  5 worker ants
  An iguana (D:4)
  A hound skeleton (D:6)
  Robin (D:2)
  6 gnolls
  8 adders
  A shadow imp (D:7)
  An adder zombie (D:5)
  An adder skeleton (D:4)
  2 worms (D:2)
  3 dart slugs
  6 giant geckos
  13 orcs
  A ball python (D:3)
  10 bats
  4 giant cockroaches
  10 goblins
  19 hobgoblins
  9 jackals
  4 quokkas
  8 giant newts
  11 kobolds
  3 quokka skeletons
  10 rats
169 creatures vanquished.

Vanquished Creatures (others)
  2 gnolls (D:8)
  2 spectral weapons
4 creatures vanquished.

Grand Total: 173 creatures vanquished

Notes
Turn   | Place    | Note
--------------------------------------------------------------
     0 | D:1      | dracos369 the Merfolk Skald began the quest for the Orb.
     0 | D:1      | Reached XP level 1. HP: 16/16 MP: 3/3
   120 | D:1      | Reached skill level 4 in Polearms
   120 | D:1      | Reached XP level 2. HP: 16/22 MP: 5/5
   670 | D:1      | Reached skill level 5 in Polearms
   670 | D:1      | Reached XP level 3. HP: 27/27 MP: 2/6
  1040 | D:2      | Learned a level 2 spell: Shroud of Golubria
  1044 | D:2      | Learned a level 3 spell: Spectral Weapon
  1256 | D:2      | Noticed Robin
  1303 | D:2      | Reached XP level 4. HP: 22/33 MP: 0/7
  1320 | D:2      | Killed Robin
  1320 | D:2      | Reached skill level 6 in Polearms
  1630 | D:2      | Reached skill level 1 in Hexes
  2020 | D:2      | Reached XP level 5. HP: 38/38 MP: 8/8
  2604 | D:3      | Reached skill level 7 in Polearms
  2716 | D:3      | Found a radiant altar of Vehumet.
  2791 | D:3      | Noticed Grinder
  2796 | D:3      | Paralysed by Grinder for 7 turns
  3192 | D:4      | Reached XP level 6. HP: 15/44 MP: 9/9
  3635 | D:4      | Noticed a phantom
  3679 | D:4      | Killed a phantom
  3679 | D:4      | Reached skill level 8 in Polearms
  4464 | D:4      | Reached XP level 7. HP: 50/50 MP: 10/10
  5086 | D:4      | Learned a level 3 spell: Regeneration
  5243 | D:4      | Reached skill level 5 in Charms
  5512 | D:4      | Reached skill level 9 in Polearms
  5730 | D:3      | Found a snail-covered altar of Cheibriados.
  6022 | D:5      | Entered Level 5 of the Dungeon
  6345 | D:5      | Reached XP level 8. HP: 56/58 MP: 6/11
  6369 | D:5      | Noticed Edmund
  6387 | D:5      | Killed Edmund
  6634 | D:5      | Reached skill level 10 in Polearms
  7035 | D:5      | Found an oddly glowing altar of Pakellas.
  7601 | D:6      | Found a basalt altar of Yredelemnul.
  7610 | D:6      | Became a worshipper of Yredelemnul the Dark
  7614 | D:6      | Learned a level 2 spell: Song of Slaying
  7643 | D:6      | Found Foted's Armour Shoppe.
  7782 | D:6      | Found a burning altar of Makhleb.
  7862 | D:6      | Reached skill level 11 in Polearms
  8092 | D:6      | Reached skill level 1 in Invocations
  8101 | D:6      | Reached XP level 9. HP: 54/65 MP: 7/12
  8793 | D:7      | Found a staircase to the Ecumenical Temple.
  8808 | D:7      | Reached skill level 1 in Necromancy
  8893 | D:7      | Reached skill level 5 in Dodging
  8893 | D:7      | Reached skill level 1 in Translocations
  9053 | D:7      | Found a blossoming altar of Fedhas.
  9119 | D:7      | Reached skill level 1 in Armour
  9169 | D:7      | Found a sparkling altar of Nemelex Xobeh.
  9389 | D:7      | Found an iron altar of Okawaru.
  9392 | D:7      | Found a white marble altar of Elyvilon.
  9550 | D:7      | Found a glowing silver altar of Zin.
  9600 | Temple   | Entered the Ecumenical Temple
  9732 | D:8      | Noticed a polar bear
  9735 | D:8      | Noticed Joseph
  9812 | D:3      | Killed Grinder
  9873 | D:8      | Noticed a fire crab
  9877 | D:8      | Engulfed by a fire crab's flame

Skill      XL: |  1  2  3  4  5  6  7  8  9 |
---------------+----------------------------+-----
Polearms       | 4 5 6 7 8 9 11 | 11.8
Hexes          | 1 2 3 |  3.0
Charms         | 4 5 6 |  6.6
Dodging        | 3 4 5 |  5.6
Fighting       | 3 4 |  4.9
Invocations    | 1 2 |  2.7
Necromancy     | 1 |  1.0
Translocations | 1 |  1.0
Armour         | 1 |  1.4
Spellcasting   | |  2.0

Action                   |  1- 3 |  4- 6 |  7- 9 || total
-------------------------+-------+-------+-------++-------
Melee: Spear             |   145 |   256 |   437 ||   838
       Trident           |       |       |   105 ||   105
Throw: Javelin           |       |       |     5 ||     5
 Cast: Infusion          |     6 |       |     2 ||     8
       Shroud of Golubri |     1 |     9 |    16 ||    26
       Spectral Weapon   |       |     9 |    17 ||    26
       Regeneration      |       |       |     7 ||     7
Evoke: Wand              |       |       |     1 ||     1
  Use: Scroll            |       |     2 |    13 ||    15
       Potion            |       |     2 |     3 ||     5
 Stab: Sleeping          |     2 |     3 |     3 ||     8
       Distracted        |       |     1 |     4 ||     5
  Eat: Chunk             |     1 |     9 |    10 ||    20
       Meat ration       |       |     1 |     1 ||     2
       Bread ration      |       |       |     1 ||     1
       Beef jerky        |       |       |     1 ||     1
Armor: Leather armour    |     8 |       |       ||     8
       Robe              |    16 |    37 |    84 ||   137
Dodge: Dodged            |    70 |    98 |   197 ||   365
